General information
- name: BNet
- type: Ladder 1vs1/FFA
- host: Battle.net
- saver: niGhT_blOoDy
map: MeltingValley
- players: 2
- length: 24:07
- speed: Fast
- version: 1.24 W3XP
- replay type: Public
» download(125 KB)
Players
team 1 (loser)
SloWking (
green | 147 APM | 3524 actions | 23:54)
4 Death Knight
2 Death Coil
2 Unholy Aura
3 Lich
2 Frost Nova
1 Dark Ritual
4 Dark Ranger
2 Black Arrow
2 Silence
» actions
| Assign group hotkey | 143 | |
| Basic commands | 611 | |
| Build / train | 82 | |
| Enter build submenu | 24 | |
| Enter hero's abilities submenu | 13 | |
| Give item / drop item | 4 | |
| Right click | 787 | |
| Select / deselect | 881 | |
| Select group hotkey | 849 | |
| Use ability | 130 | |
3524 total
» units
| Acolyte | 13 | |
| Ghoul | 5 | |
| Crypt Fiend | 12 | |
| Obsidian Statue | 7 | |
| Abomination | 4 | |
41 total
» upgrades
| Burrow | 1 | |
| Destroyer Form | 1 | |
| Web | 1 | |
| Creature Attack | 1 | |
4 total
» buildings
| Altar of Darkness | 1 | |
| Ziggurat | 7 | |
| Crypt | 1 | |
| Tomb of Relics | 4 | |
| Graveyard | 1 | |
| Halls of the Dead | 2 | |
| Black Citadel | 3 | |
| Slaughterhouse | 2 | |
| Spirit Tower | 1 | |
22 total
» build order
00:09 Altar of Darkness
00:11 Ziggurat
00:34 Crypt
01:01 Tomb of Relics
01:15 Graveyard
02:57 Halls of the Dead
02:57 Halls of the Dead
03:16 Ziggurat
03:40 Ziggurat
05:18 Black Citadel
05:19 Black Citadel
06:02 Slaughterhouse
07:00 Ziggurat
08:48 Slaughterhouse
11:37 Tomb of Relics
13:07 Ziggurat
14:34 Tomb of Relics
17:26 Ziggurat
18:36 Ziggurat
19:30 Spirit Tower
21:22 Tomb of Relics
» items
| Rod of Necromancy | 7 | |
| Orb of Corruption | 1 | |
| Sacrificial Skull | 1 | |
9 total
team 2 (winner)
niGhT_blOoDy (
blue | 222 APM | 5362 actions | 24:07)
4 Death Knight
2 Death Coil
2 Unholy Aura
4 Lich
2 Frost Nova
2 Dark Ritual
4 Dark Ranger
2 Silence
2 Black Arrow
» actions
| Assign group hotkey | 185 | |
| Basic commands | 411 | |
| Build / train | 87 | |
| ESC pressed | 3 | |
| Enter build submenu | 21 | |
| Enter hero's abilities submenu | 13 | |
| Give item / drop item | 5 | |
| Right click | 1959 | |
| Select / deselect | 605 | |
| Select group hotkey | 1950 | |
| Use ability | 123 | |
5362 total
» units
| Acolyte | 9 | |
| Ghoul | 2 | |
| Crypt Fiend | 12 | |
| Obsidian Statue | 4 | |
| Frost Wyrm | 6 | |
33 total
» upgrades
| Destroyer Form | 1 | |
| Web | 1 | |
| Burrow | 1 | |
| Creature Attack | 3 | |
| Creature Carapace | 1 | |
| Ghoul Frenzy | 1 | |
8 total
» buildings
| Altar of Darkness | 1 | |
| Ziggurat | 9 | |
| Crypt | 1 | |
| Tomb of Relics | 1 | |
| Graveyard | 1 | |
| Nerubian Tower | 2 | |
| Halls of the Dead | 1 | |
| Black Citadel | 1 | |
| Slaughterhouse | 1 | |
| Sacrificial Pit | 1 | |
| Boneyard | 1 | |
| Necropolis | 1 | |
| Spirit Tower | 1 | |
22 total
» build order
00:05 Altar of Darkness
00:13 Ziggurat
00:35 Crypt
00:59 Tomb of Relics
01:17 Graveyard
01:51 Ziggurat
02:24 Nerubian Tower
03:08 Halls of the Dead
04:56 Ziggurat
05:30 Black Citadel
06:30 Slaughterhouse
06:38 Ziggurat
12:19 Sacrificial Pit
13:28 Boneyard
14:13 Ziggurat
14:16 Ziggurat
15:35 Ziggurat
16:31 Necropolis
16:34 Spirit Tower
17:20 Ziggurat
18:22 Nerubian Tower
18:44 Ziggurat
» items
| Rod of Necromancy | 6 | |
| Orb of Corruption | 3 | |
| Dust of Appearance | 2 | |
| Potion of Lesser Invulnerability | 2 | |
| Scroll of Healing | 2 | |
| Scroll of Town Portal | 2 | |
| Scroll of Protection | 1 | |
18 total
Chat log
(00:10 / All) niGhT_blOoDy: apla dalmata
(00:21 / All) SloWking: o.O
(00:27 / All) niGhT_blOoDy: Oo
(00:30 / All) niGhT_blOoDy: xuxa
(00:30 / All) SloWking: o.O
(00:39 / All) SloWking: o.O
(00:40 / All) niGhT_blOoDy: k viciosa estas
(00:48 / All) SloWking: ...
(00:50 / All) niGhT_blOoDy: vas a ir ala wcg
(00:54 / All) SloWking: ..
(00:56 / All) niGhT_blOoDy: vas a pagar tus 10 dolares
(01:04 / All) niGhT_blOoDy: ¿?
(01:12 / All) niGhT_blOoDy: apla ps
(01:13 / All) niGhT_blOoDy: XD,
(01:24 / All) SloWking: con kien crees ke hablas
(01:27 / All) niGhT_blOoDy: spot
(01:28 / All) niGhT_blOoDy: ps
(01:36 / All) niGhT_blOoDy: no eres spot
(01:38 / All) SloWking: no soy spot
(01:41 / All) niGhT_blOoDy: ¿?
(01:43 / All) niGhT_blOoDy: =S
(01:46 / All) niGhT_blOoDy: te regalo la cuenta
(01:48 / All) SloWking: te confundistes
(02:02 / All) niGhT_blOoDy: ??=
(02:02 / All) SloWking: con ke ese conchasumre usaba mi cuenta
(02:04 / All) SloWking: con razon
(02:06 / All) SloWking: encontraba loses
(02:09 / All) niGhT_blOoDy: lol
(02:18 / All) SloWking: ya se cago
(02:25 / All) SloWking: lo deje positv
(02:47 / All) SloWking: gracias blody
(02:50 / All) niGhT_blOoDy: de ke?
(02:50 / All) SloWking: ahora se kein cojuia mi cuenta
(02:54 / All) SloWking: y le daba loseas
(02:59 / All) niGhT_blOoDy: mmm
(03:02 / All) niGhT_blOoDy: no se kien sera tons
(03:10 / All) SloWking: yo soy kliver
(03:13 / All) niGhT_blOoDy: xuxa
(03:22 / All) SloWking: es ke no sab ia kiem
(03:34 / All) SloWking: kien cojia mi cuenta y aprecia loses
(03:37 / All) SloWking: menos level
(03:38 / All) niGhT_blOoDy: haha
(03:50 / All) niGhT_blOoDy: vas air el jueves
(03:53 / All) SloWking: no
(03:58 / All) niGhT_blOoDy: yo tampco
(04:01 / All) SloWking: çplop
(04:04 / All) niGhT_blOoDy: me huele a estafa
(04:14 / All) niGhT_blOoDy: mucha webada
(04:36 / All) SloWking: pero igual si puedo trato de irc
(04:54 / All) SloWking: ese won de pepe cojia mi cuenta
(04:59 / All) niGhT_blOoDy: jaja
(05:11 / All) SloWking: 3 veces encontre mi cuenta con 3 loses 2 loes 4 loses
(05:19 / All) niGhT_blOoDy: malazo eh